 Dungeon Crawl Stone Soup version 0.30-a0-862-g1aabd4f9c5 (webtiles) character file.

Game seed: 636325469171969525

686 MacCMillion the Cleaver (level 7, -5/61 HPs)
             Began as a Minotaur Cinder Acolyte on Mar 9, 2023.
             Was a High Priest of Ignis.
             Slain by Grinder (6 damage)
             ... on level 4 of the Dungeon.
             The game lasted 00:08:43 (2987 turns).

MacCMillion the Cleaver (Minotaur Cinder Acolyte)   Turns: 2987, Time: 00:08:45

Health: -5/61      AC:  6    Str: 21    XL:     7   Next: 35%
Magic:  0/7        EV: 10    Int: 11    God:    Ignis [*****.]
Gold:   165        SH:  0    Dex:  5    Spells: 8/8 levels left

rFire   + . .      SeeInvis .    a - -1 hand axe (flame)
rCold   . . .      Faith    .    (no shield)
rNeg    . . .      Spirit   +    t - +0 ring mail
rPois   .          Reflect  .    (helmet restricted)
rElec   .          Rampage  .    (no cloak)
rCorr   .                        (no gloves)
Will    .....                    p - +0 pair of boots Stlth
                                 q - amulet of guardian spirit
HPRegen 0.30/turn                (no ring)
MPRegen 0.10/turn                (no ring)

@: rising, flying
A: horns 2, retaliatory headbutt
a: Renounce Religion, Fiery Armour, Foxfire Swarm


You were on level 4 of the Dungeon.
You worshipped Ignis.
Ignis was extremely pleased with you.
You visited 1 branch of the dungeon, and saw 5 of its levels.

You collected 165 gold pieces.

Inventory:

Hand Weapons
 a - a -1 hand axe of flaming (weapon)
 b - a +0 heavy war axe
Armour
 p - a +0 pair of boots (worn)
 t - a +0 ring mail (worn)
Jewellery
 c - a ring of magical power
 q - an amulet of guardian spirit (around neck)
 v - a ring of protection from cold
Wands
 e - a wand of flame (39)
Scrolls
 d - 4 scrolls of teleportation
 f - 2 scrolls of immolation
 j - a scroll of enchant weapon {unknown}
 k - a scroll of vulnerability {unknown}
 m - a scroll of fog {unknown}
 r - a scroll of brand weapon
 u - 3 scrolls of acquirement {unknown}
 y - a scroll of torment {unknown}
 z - a scroll of noise {unknown}
 A - a scroll of identify
Potions
 g - a potion of ambrosia {unknown}
 h - a potion of resistance {unknown}
 i - a potion of mutation {unknown}
 l - a potion of might {unknown}
 n - a potion of berserk rage
 o - 2 potions of haste
 s - a potion of attraction {unknown}
 w - a potion of magic {unknown}
 x - a potion of brilliance {unknown}


   Skills:
 + Level 5.5 Fighting
 * Level 8.8 Axes
 + Level 2.1 Armour
 + Level 2.0 Dodging
 - Level 1.0 Spellcasting
 - Level 2.1 Fire Magic


You had 8 spell levels left.
You didn't know any spells.
Your spell library contained the following spells:

 Spells                   Type           Power      Damage    Failure   Level
 Foxfire                  Conj/Fire      8%         2x1d4     32%         1
 Scorch                   Fire           10%        2d6       32%         2
 Fireball                 Conj/Fire      1%         3d3       100%        5
 Starburst                Conj/Fire      1%         6d3       100%        6


Dungeon Overview and Level Annotations

Branches:
Dungeon (5/15)
 Temple: D:4-7

Altars:

Annotations:
D:2 Sigmund
D:4 Grinder


Innate Abilities, Weirdness & Mutations

You have a pair of horns on your head.
You reflexively headbutt those who attack you in melee.


Message History

Grinder hits you.
You writhe in agony.
You can move again.
You closely miss Grinder. Your headbutt misses Grinder.
Grinder is lightly wounded.
Grinder hits you.
You writhe in agony.
Unknown command.
You hit Grinder. You burn Grinder.
Grinder is moderately wounded.
Grinder hits you but does no damage.
You barely miss Grinder.
Grinder is moderately wounded.
Grinder gestures at you. Pain shoots through your body!
You hit Grinder but do no damage. Your headbutt misses Grinder.
Grinder is moderately wounded.
Grinder hits you.
You hit Grinder but do no damage.
Grinder is moderately wounded.
You closely miss Grinder.
Grinder is moderately wounded.
Grinder hits you.
* * * LOW HITPOINT WARNING * * *
You writhe in agony.
* * * LOW HITPOINT WARNING * * *
You hit Grinder. You burn Grinder.
Grinder is moderately wounded.
Grinder gestures at you.
You suddenly lose the ability to move!
Grinder hits you.
* * * LOW HITPOINT WARNING * * *
You writhe in agony.
* * * LOW HITPOINT WARNING * * *
Grinder gestures at you.
You struggle to resist.
You can move again.
Okay, then.
You begin to rise into the air.
Grinder hits you!
* * * LOW HITPOINT WARNING * * *
You writhe in agony.
You die...

#!#.# ########.#
##....$##.# ##.......#.#
#..........# #.........#
#....$....# #
#.....5...##.#
#$....@.......
#.........##?# ##
#.........# ##.
#...$.....# #..
#......(..# #.#
#.........# # #†#
##.......###.########.#
##....)......<.......#
#######....#.###########


You could see Grinder.

Vanquished Creatures
  Edmund (D:4)
  2 black bears (D:4)
  A phantom (D:4)
  A bullfrog (D:4)
  A howler monkey (D:4)
  A hound (D:4)
  Natasha (thrice) (D:2)
  3 adders
  A worm (D:2)
  2 dart slugs
  3 orcs
  7 ball pythons
  8 endoplasms
  4 giant cockroaches (D:1)
  9 goblins
  4 hobgoblins
  6 jackals (D:3)
  6 kobolds
  5 quokkas
  A bat (D:2)
  A frilled lizard (D:1)
  5 rats
75 creatures vanquished.

Notes
Turn   | Place    | Note
-------+----------+-------------------------------------------
     0 | D:1      | MacCMillion the Minotaur Cinder Acolyte began the quest for
                  | the Orb.
     0 | D:1      | Reached XP level 1. HP: 19/19 MP: 1/1
   110 | D:1      | Reached skill level 4 in Axes
   148 | D:1      | Reached XP level 2. HP: 23/27 MP: 2/2
   426 | D:1      | Reached XP level 3. HP: 34/34 MP: 3/3
   726 | D:2      | Found a faded altar of an unknown god.
   863 | D:2      | Noticed Natasha
   874 | D:2      | Killed Natasha
   875 | D:2      | Reached skill level 5 in Fighting
   875 | D:2      | Reached skill level 5 in Axes
   875 | D:2      | Reached XP level 4. HP: 42/42 MP: 4/4
  1144 | D:2      | Noticed Natasha
  1154 | D:2      | Killed Natasha
  1157 | D:2      | Noticed Natasha
  1197 | D:2      | Killed Natasha
  1198 | D:2      | Reached skill level 6 in Axes
  1198 | D:2      | Reached XP level 5. HP: 34/48 MP: 2/5
  1271 | D:2      | Noticed Sigmund
  2567 | D:4      | Noticed a black bear
  2575 | D:4      | Killed a black bear
  2576 | D:4      | Reached skill level 7 in Axes
  2588 | D:4      | Noticed a black bear
  2609 | D:4      | Killed a black bear
  2610 | D:4      | Reached XP level 6. HP: 18/56 MP: 3/6
  2745 | D:4      | Reached skill level 8 in Axes
  2748 | D:4      | Reached skill level 1 in Armour
  2756 | D:4      | Noticed Edmund
  2786 | D:4      | Killed Edmund
  2787 | D:4      | Reached skill level 1 in Dodging
  2787 | D:4      | Reached XP level 7. HP: 61/61 MP: 5/7
  2828 | D:4      | You fall into a shaft and drop 1 floor!
  2828 | D:5      | Entered Level 5 of the Dungeon
  2968 | D:4      | Noticed Grinder
  2975 | D:4      | Paralysed by Grinder for 2 turns
  2984 | D:4      | Paralysed by Grinder for 2 turns
  2987 | D:4      | HP: 1/61 [Grinder (6)]
  2987 | D:4      | Slain by Grinder

Illustrated notes

Levels and vault maps discovered:
D:1:      dpeg_arrival_rooms_a, layout_rooms, minmay_surrounded
D:2:      layout_loops_ring, nicolae_ecumenical_pavilion, uniq_natasha,
          uniq_sigmund
D:3:      layout_loops_ring
D:4:      layout_rooms, portal_sewer_entry_e,
          amcnicky_mini_rare_corridor_liquid, uniq_edmund, uniq_ijyb,
          uniq_grinder
D:5:      layout_basic, feat_on_display, uniq_duvessa

Skill      XL: |  1  2  3  4  5  6  7 |
---------------+----------------------+-----
Fighting       | 4 5 |  5.5
Axes           | 4 5 6 7 8 |  8.8
Armour         | 1 2 |  2.1
Dodging        | 1 2 |  2.0
Spellcasting   | |  1.0
Fire Magic     | |  2.1

Action                     |  1- 3 |  4- 6 |  7- 9 || total
---------------------------+-------+-------+-------++-------
  Melee: Hand axe          |    79 |   126 |    39 ||   244
         Headbutt          |     8 |    20 |     5 ||    33
 Invoke: Rising Flame      |       |       |     1 ||     1
    Use: Scroll            |       |     5 |       ||     5
         Potion            |       |     2 |       ||     2
 Armour: Leather armour    |    18 |       |       ||    18
         Ring mail         |     1 |    58 |    12 ||    71
  Dodge: Dodged            |    43 |    48 |    11 ||   102

Table legend: (Time is in decaauts)
 A = Elapsed time spent in this place.
 B = Non-inter-level travel time spent in this place.
 C = Inter-level travel time spent in this place.
 D = Time resting spent in this place.
 E = Time spent auto-exploring this place.
 F = Levels seen in this place.
 G = Mean time per level.
                   A        B        C        D        E       F      G
               +--------+--------+--------+--------+--------+-----+--------+
         Total |   3013 |   2970 |     43 |    610 |   1420 |   5 |  602.6 |
       Dungeon |   3013 |   2970 |     43 |    610 |   1420 |   5 |  602.6 |
               +--------+--------+--------+--------+--------+-----+--------+

Top non-repeatable levels by time:
     D:1: 1029 daAuts
     D:3: 958 daAuts
     D:2: 631 daAuts
     D:4: 326 daAuts
     D:5: 67 daAuts
